 Dungeon Crawl Stone Soup version 0.27-a0-1416-g941b2bd30b (webtiles) character file.

Game seed: 16320598865070294593

1682 Brandom the Skirmisher (level 9, -2/62 HPs)
             Began as an Octopode Transmuter on July 1, 2021.
             Was an Elder of Okawaru.
             Slain by an ice beast (8 damage)
             ... on level 6 of the Dungeon.
             The game lasted 00:18:22 (7499 turns).

Brandom the Skirmisher (Octopode Transmuter)        Turns: 7499, Time: 00:18:22

Health: -2/62      AC:  1    Str: 16    XL:     9   Next: 2%
Magic:  12/15      EV: 16    Int: 18    God:    Okawaru [****..]
Gold:   274        SH:  0    Dex: 12    Spells: 6/16 levels left

rFire    . . .     SeeInvis .     - Unarmed
rCold    . . .     Faith    .   (no shield)
rNeg     . . .     Spirit   .   (helmet currently unavailable)
rPois    .         Reflect  .   (no amulet)
rElec    .         Harm     .   g - +6 ring of strength
rCorr    .         Rampage  .   (no ring)
Will     .....                  (no ring)
Stlth    ++++......             (no ring)
HPRegen  0.20/turn              (no ring)
MPRegen  0.14/turn              (no ring)
                                (no ring)
                                (no ring)

@: appendages, heroic
A: tentacle spike 3, almost no armour, amphibious, 8 rings, camouflage 1,
gelatinous body 1, (nimble swimmer 1), tentacles
a: End Transformation, Renounce Religion, Heroism


You were on level 6 of the Dungeon.
You worshipped Okawaru.
Okawaru was greatly pleased with you.
One of your tentacles had grown a beastly spike.
You visited 1 branch of the dungeon, and saw 6 of its levels.

You collected 274 gold pieces.

Inventory:

Missiles
 q - 3 datura-tipped darts (quivered)
Jewellery
 g - a +6 ring of strength (left tentacle)
   (You found it on level 4 of the Dungeon)
 o - a ring of protection from cold
   (You found it on level 5 of the Dungeon)
Wands
 d - a wand of iceblast (7)
   (You found it on level 4 of the Dungeon)
Scrolls
 a - a scroll of noise {unknown}
 b - 3 scrolls of teleportation {@r4}
 c - a scroll of magic mapping
 m - 2 scrolls of amnesia
 p - a scroll of torment {unknown}
Potions
 e - a potion of mutation {unknown}
 f - 5 potions of curing {unknown}
 h - 2 potions of attraction {!q}
 i - 2 potions of haste {@q3}
 j - a potion of ambrosia
 k - 2 potions of heal wounds {unknown}
 l - 4 potions of flight
 n - a potion of invisibility {unknown}


   Skills:
 * Level 5.7(10.7) Fighting
 + Level 4.4(9.4) Dodging
 + Level 4.9(9.9) Unarmed Combat
 + Level 4.1 Spellcasting
 + Level 4.5 Transmutations
 + Level 0.8 Ice Magic
 - Level 2.0 Earth Magic
 - Level 2.0 Poison Magic
 + Level 3.7 Invocations


You had 6 spell levels left.
You knew the following spells:

 Your Spells              Type           Power      Damage    Failure   Level
a - Beastly Appendage     Tmut           40%        N/A       2%          1
b - Passwall              Tmut/Erth      12%        N/A       6%          2
c - Ice Form              Ice/Tmut       13%        N/A       43%         4
x - Spider Form           Tmut/Pois      7%         N/A       12%         3

Your spell library contained the following spells:

 Spells                   Type           Power      Damage    Failure   Level
 Wereblood                Tmut           20%        N/A       3%          2
 Animate Skeleton         Necr           6%         N/A       14%         1
 Apportation              Tloc           6%         N/A       14%         1
 Corona                   Hex            3%         N/A       14%         1
 Pain                     Necr           12%        1d4       14%         1
 Summon Small Mammal      Summ           12%        N/A       14%         1
 Gell's Gravitas          Tloc           1%         N/A       41%         3
 Lesser Beckoning         Tloc           1%         N/A       41%         3
 Swiftness                Air            3%         N/A       41%         3
 Teleport Other           Tloc           3%         N/A       41%         3
 Alistair's Intoxication  Tmut/Pois      10%        N/A       71%         5
 Agony                    Necr           3%         N/A       99%         5
 Excruciating Wounds      Necr           1%         N/A       99%         5
 Invisibility             Hex            1%         N/A       100%        6


Dungeon Overview and Level Annotations

Branches:
Dungeon (6/15)
 Temple: D:4-7

Altars:
Okawaru

Annotations:
D:3 exclusion: ogre


Innate Abilities, Weirdness & Mutations

One of your tentacles has grown a beastly spike.
You cannot wear most types of armour.
You are amphibious.
You can wear up to eight rings at the same time.
Your skin changes colour to match your surroundings (Stealth+).
Your rubbery body absorbs attacks. (AC +1, EV +1)
((You are camouflaged near water. (Stealth+)))
You have tentacles for arms and can constrict up to eight enemies at once.


Message History

You have reached level 9!
Your experience leads to an increase in your attributes!
Your base attributes are Str 10, Int 17, Dex 12.
Increase (S)trength, (I)ntelligence, or (D)exterity?
You feel clever.
Unknown command.
Your transformation is almost over.
Your transformation has ended.
An ice beast comes into view.
Found a sedimented red potion.
Here: an ice beast Item here: a sedimented red potion.
The floor.
One of your tentacles grows a vicious spike.
You tentacle-slap the ice beast.
You pierce the ice beast.
The ice beast hits you. The ice beast freezes you!
You barely miss the ice beast.
You squeeze the ice beast, but do no damage.
The ice beast hits you. The ice beast freezes you!
You barely miss the ice beast.
Your tentacle spike misses the ice beast.
The ice beast closely misses you.
You tentacle-slap the ice beast but do no damage.
Your tentacle spike misses the ice beast.
Your squeeze misses the ice beast. The ice beast barely misses you.
You barely miss the ice beast.
You pierce the ice beast, but do no damage.
You squeeze the ice beast. The ice beast hits you.
* * * LOW HITPOINT WARNING * * *
The ice beast freezes you.
* * * LOW HITPOINT WARNING * * *
You barely miss the ice beast. The ice beast hits you.
* * * LOW HITPOINT WARNING * * *
The ice beast freezes you!
* * * LOW HITPOINT WARNING * * *
Your transformation is almost over.
Your tentacle spike disappears.
The ice beast misses you. The ice beast misses you.
You gain the combat prowess of a mighty hero.
One of your tentacles grows a vicious spike.
The ice beast hits you.
* * * LOW HITPOINT WARNING * * *
The ice beast freezes you!
* * * LOW HITPOINT WARNING * * *
You tentacle-slap the ice beast.
You pierce the ice beast.
You squeeze the ice beast. The ice beast hits you.
* * * LOW HITPOINT WARNING * * *
The ice beast freezes you!
You die...

####.#..)......#.........##
..##...........##.........##
..###......#...##..........###
..##...รท........#.....>.......
..##..#......##.............#
......#....#.##.#..........#
...........#...............#
....######................##
.......# #......@..........#
.......# #....###Y....<....#
..####...#....# #..........#
..# .#.#..#.# #......>...# #.#
#....#.###..........# ###
######................
#....##.......##..
#....#######..# . #....# #..


You could see an ice beast.

Vanquished Creatures
  Pikel (D:5)
  Grinder (D:5)
  Prince Ribbit (D:6)
  Edmund (D:4)
  An ogre (D:6)
  3 lemures
  Blork the orc (D:5)
  2 scorpions
  A bullfrog skeleton (D:6)
  A centaur skeleton (D:4)
  4 hounds
  A jelly (D:4)
  An iguana (D:5)
  2 orc wizards (D:5)
  4 gnolls
  6 adders
  An ufetubus (D:4)
  A dart slug (D:4)
  5 orcs
  6 endoplasms
  2 giant cockroaches (D:2)
  5 goblins
  2 hobgoblins
  14 jackals
  5 kobolds
  5 quokkas
  7 ball pythons
  7 bats
  3 frilled lizards
  7 rats
101 creatures vanquished.

Notes
Turn   | Place    | Note
-------+----------+-------------------------------------------
     0 | D:1      | Brandom the Octopode Transmuter began the quest for the
                  | Orb.
     0 | D:1      | Reached XP level 1. HP: 13/13 MP: 3/3
   288 | D:1      | Reached XP level 2. HP: 13/18 MP: 5/5
   692 | D:1      | Reached XP level 3. HP: 16/24 MP: 4/6
  1119 | D:2      | Reached skill level 2 in Fighting
  1476 | D:2      | Learned a level 3 spell: Spider Form
  1579 | D:2      | Learned a level 2 spell: Passwall
  2171 | D:3      | Reached XP level 4. HP: 28/29 MP: 5/7
  2999 | D:3      | Noticed an ogre
  3049 | D:3      | Found a faded altar of an unknown god.
  3055 | D:3      | Became a worshipper of Warmaster Okawaru
  3055 | D:3      | Reached * piety under Okawaru
  3420 | D:4      | Reached XP level 5. HP: 26/35 MP: 6/8
  3589 | D:4      | Reached skill level 1 in Poison Magic
  3878 | D:4      | Reached skill level 1 in Invocations
  3945 | D:4      | Reached skill level 3 in Fighting
  4053 | D:4      | Reached XP level 6. HP: 35/42 MP: 8/10
  4318 | D:5      | Entered Level 5 of the Dungeon
  4318 | D:5      | Noticed Grinder
  4664 | D:5      | Reached skill level 1 in Earth Magic
  4698 | D:5      | Paralysed by Grinder for 3 turns
  4702 | D:5      | Noticed Blork the orc
  4724 | D:5      | Noticed Edmund
  4742 | D:4      | HP: 2/42 [Edmund (2)]
  4912 | D:4      | Killed Edmund
  4912 | D:4      | Reached ** piety under Okawaru
  5221 | D:5      | Killed Blork the orc
  5222 | D:5      | Reached XP level 7. HP: 21/47 MP: 8/11
  5822 | D:5      | Noticed Pikel
  6238 | D:5      | Reached skill level 4 in Fighting
  6392 | D:5      | Killed Grinder
  6573 | D:5      | HP: 1/49 [Pikel (6)]
  6581 | D:5      | Killed Pikel
  6581 | D:5      | Reached *** piety under Okawaru
  6582 | D:5      | Reached skill level 5 in Fighting
  6582 | D:5      | Reached XP level 8. HP: 3/55 MP: 8/13
  7140 | D:6      | Learned a level 4 spell: Ice Form
  7368 | D:6      | Noticed Prince Ribbit
  7375 | D:6      | Killed Prince Ribbit
  7375 | D:6      | Reached **** piety under Okawaru
  7376 | D:6      | Reached XP level 9. HP: 62/62 MP: 12/15
  7499 | D:6      | Slain by an ice beast

Illustrated notes

Levels and vault maps discovered:
D:1:      kennysheep_arrival_forest, layout_rooms, minivault_26,
          minmay_misc_feat_more_columns, chequers_serial_rivers_micro_d
D:2:      layout_loops_cross, minmay_misc_feat_tiny,
          chequers_serial_rivers_micro_b
D:3:      layout_basic, chequers_ecumenical_altar_grove, hangedman_decor_points
D:4:      layout_gridville
D:5:      layout_cave_pools, uniq_grinder, uniq_blork_the_orc, uniq_pikel,
          uniq_edmund
D:6:      layout_rooms, kennysheep_little_box, minmay_joined_circles,
          uniq_eustachio, uniq_prince_ribbit1, uniq_crazy_yiuf_cottage

Skill      XL: |  1  2  3  4  5  6  7  8 |
---------------+-------------------------+-----
Fighting       | 2 3 5 |  5.7
Poison Magic   | 1 2 |  2.0
Invocations    | 1 3 |  3.7
Earth Magic    | 1 2 |  2.0
Dodging        | 3 4 |  4.4
Spellcasting   | 3 4 |  4.1
Transmutations | 3 4 |  4.5
Unarmed Combat | 4 |  4.9
Ice Magic      | |  0.8

Action                   |  1- 3 |  4- 6 |  7- 9 || total
-------------------------+-------+-------+-------++-------
Melee: Unarmed           |    98 |   113 |   100 ||   311
       Constrict         |    25 |    22 |     8 ||    55
       Tentacles         |    15 |    20 |    12 ||    47
       Kick              |     5 |    13 |     7 ||    25
       Punch             |     1 |     1 |     2 ||     4
 Cast: Beastly Appendage |     6 |    10 |     4 ||    20
       Spider Form       |       |     3 |    11 ||    14
Invok: Heroism           |       |     2 |     1 ||     3
  Use: Scroll            |     2 |     4 |     1 ||     7
       Potion            |       |       |     1 ||     1
 Stab: Sleeping          |     6 |     3 |       ||     9
       Distracted        |     1 |       |       ||     1
Armor: Skin              |    13 |     8 |     2 ||    23
Dodge: Dodged            |    58 |    82 |    70 ||   210

Table legend: (Time is in decaauts)
 A = Elapsed time spent in this place.
 B = Non-inter-level travel time spent in this place.
 C = Inter-level travel time spent in this place.
 D = Time resting spent in this place.
 E = Time spent auto-exploring this place.
 F = Levels seen in this place.
 G = Mean time per level.
                   A        B        C        D        E       F      G
               +--------+--------+--------+--------+--------+-----+--------+
         Total |   7462 |   7259 |    203 |   1609 |   4487 |   6 | 1243.7 |
       Dungeon |   7462 |   7259 |    203 |   1609 |   4487 |   6 | 1243.7 |
               +--------+--------+--------+--------+--------+-----+--------+

Top non-repeatable levels by time:
     D:4: 2352 daAuts
     D:5: 1568 daAuts
     D:3: 1220 daAuts
     D:1: 1104 daAuts
     D:2: 783 daAuts
     D:6: 433 daAuts
